 Dungeon Crawl Stone Soup version 0.27-a0-972-gd1521fd518 (webtiles) character file.

Game seed: 5031998653056472864

122243 robertstho the Warrior (level 16, -5/288 HPs)
             Began as an Ogre Berserker on Apr 13, 2021.
             Was a High Priest of Trog.
             Slain by a salamander (11 damage)
             ... on level 1 of the Snake Pit.
             The game lasted 00:42:24 (31568 turns).

robertstho the Warrior (Ogre Berserker)            Turns: 31568, Time: 00:42:24

Health: -5/288     AC: 19    Str: 40    XL:     16   Next: 87%
Magic:  16/16      EV:  6    Int: 11    God:    Trog [*****.]
Gold:   2120       SH: 26    Dex: 10    Spells: 15/15 levels left

rFire    . . .     SeeInvis .   a - +8 war axe "Ubyr" {freeze, rPois rC+ Dex+2}
rCold    + . .     Faith    .   X - +2 tower shield of Immorality {Drain Str+4 Int+3}
rNeg     . . .     Spirit   .   v - +0 acid dragon scales
rPois    +         Reflect  +   I - +2 hat
rElec    .         Harm     .   r - +2 cloak
rCorr    +         Rampage  .   (gloves unavailable)
Will     +....                  (boots unavailable)
Stlth    ..........             Y - amulet of reflection
HPRegen  0.58/turn              Z - +6 ring of strength
MPRegen  0.15/turn              o - +4 ring of protection

@: berserking (expiring), lethally poisoned (-5 -> -10), slowed, constricted
A: large, unfitting armour, tough skin 1
a: Renounce Religion, Berserk, Trog's Hand, Brothers in Arms


You were on level 1 of the Snake Pit.
You worshipped Trog.
Trog was extremely pleased with you.
You visited 4 branches of the dungeon, and saw 24 of its levels.
You also visited: Sewer and Volcano.

You collected 2872 gold pieces.
You spent 752 gold pieces at shops.

Inventory:

Hand Weapons
 a - the +8 war axe "Ubyr" (weapon) {freeze, rPois rC+ Dex+2}
   (You found it on level 5 of the Dungeon)

   It has been specially enchanted to freeze those struck by it, causing extra
   injury to most foes and up to half again as much damage against particularly
   susceptible opponents.
   It can also slow down cold-blooded creatures.
   It affects your dexterity (+2).
   It protects you from cold.
   It protects you from poison.
 O - a +1 vorpal executioner's axe
 Q - a +2 broad axe of electrocution
 U - a +2 hand axe of flaming
Missiles
 G - 8 large rocks
Armour
 m - the +1 cloak "Sianoop" {rN++}
   (You bought it in a shop on level 14 of the Dungeon)

   It greatly protects you from negative energy.
 r - a +2 cloak (worn)
 t - a +2 robe of positive energy
 v - +0 acid dragon scales (worn)
 I - a +2 hat (worn)
 X - the +2 tower shield of Immorality (worn) {Drain Str+4 Int+3}
   (You found it on level 4 of the Lair of Beasts)

   It affects your strength (+4).
   It affects your intelligence (+3).
   It drains your maximum health when unequipped.
Jewellery
 j - a +6 ring of dexterity
 o - a +4 ring of protection (right hand)
 x - a ring of see invisible
 F - a ring of ice
 J - a ring of fire
 K - a ring of positive energy
 R - a ring of willpower
 S - a +6 ring of dexterity
 T - a ring of fire
 Y - an amulet of reflection (around neck)
 Z - a +6 ring of strength (left hand)
Wands
 q - a wand of digging (18)
 z - a wand of iceblast (34)
 V - a wand of acid (7)
Scrolls
 f - 4 scrolls of immolation
 l - 5 scrolls of enchant armour
 n - 9 scrolls of teleportation
 y - 3 scrolls of fear
 A - 2 scrolls of magic mapping
 B - 2 scrolls of enchant weapon
 H - a scroll of identify
 L - 3 scrolls of fog
 M - a scroll of summoning
 N - a scroll of blinking
 P - a scroll of holy word
 W - a scroll of acquirement {unknown}
Potions
 b - a potion of attraction
 c - 8 potions of haste
 d - 9 potions of heal wounds
 e - 4 potions of might
 g - 3 potions of flight
 h - 10 potions of curing
 k - 4 potions of cancellation
 p - 5 potions of ambrosia
 s - 5 potions of mutation
 u - 3 potions of resistance
 C - 2 potions of invisibility
 D - 4 potions of lignification
Miscellaneous
 i - a piece from Xom's chessboard (15/15)
 w - a tin of tremorstones (2/2)
 E - a condenser vane


   Skills:
 * Level 20.1 Fighting
 + Level 1.6 Long Blades
 + Level 16.3(16.6) Axes
 + Level 5.1(11.3) Maces & Flails
 * Level 10.6 Armour
 + Level 9.1 Dodging
 - Level 1.7 Stealth
 + Level 7.1 Shields
 + Level 0.4 Evocations


You had 15 spell levels left.
You didn't know any spells.
Your spell library was empty.

Dungeon Overview and Level Annotations

Branches:
Dungeon (15/15)            Temple (0/1) D:7            Lair (6/6) D:8
 Shoals (0/4) Lair:3        Snake (1/4) Lair:4        Slime (0/5) Lair:6
    Orc (2/2) D:10            Elf (0/3) Orc:2        Vaults (0/5) D:13
 Depths (0/5) D:15          Sewer (visited)         Volcano (visited)

Altars:
Ashenzari
Cheibriados
Elyvilon
Gozag
Hepliaklqana
Kikubaaqudgha
Makhleb
Nemelex Xobeh
Trog
Uskayaw
Vehumet
Wu Jian
Yredelemnul
The Shining One
Beogh
Jiyva

Shops:
D:2 :   D:11 (   D:14 [   Orc:2 ?=([


Innate Abilities, Weirdness & Mutations

You are too large for most types of armour.
You have tough skin. (AC +1)


Message History

The naga warrior hits you with a +0 short sword!!!
* * * LOW HITPOINT WARNING * * *
You block the naga warrior's attack. The naga warrior constricts you.
You barely miss the black mamba.
The black mamba is almost dead.
You slash the naga warrior! You freeze the naga warrior.
You hit the naga warrior but do no damage.
You feel very sick.
The black mamba bites you but does no damage.
You block the black mamba's attack. You block the naga warrior's attack.
The naga warrior constricts you.
The naga warrior hits you with a +0 short sword.
* * * LOW HITPOINT WARNING * * *
You slice the black mamba!! You freeze the black mamba.
You kill the black mamba!
Trog accepts your kill.
You hit the naga warrior. You freeze the naga warrior.
You barely miss the naga warrior.
You feel very sick. The naga warrior spits poison at you.
The splash of poison hits you but does no damage.
You resist. You block the naga warrior's attack.
* * * LOW HITPOINT WARNING * * *
The naga warrior constricts you.
You slice the naga warrior!! You freeze the naga warrior.
The naga warrior is severely wounded.
You slash the salamander! You freeze the salamander. You hit the naga warrior.
You freeze the naga warrior.
You feel sick.
The salamander unwields a +1 shortbow of flaming.
It stops flaming.
You block the salamander's attack.
Unknown command.
The naga warrior blocks your attack.
The naga warrior is severely wounded.
You hit the salamander. You freeze the salamander.
The naga warrior blocks your attack.
You feel sick. You block the naga warrior's attack.
The naga warrior constricts you. You block the naga warrior's attack.
The salamander hits you.
* * * LOW HITPOINT WARNING * * *
You are engulfed in flames!
You die...

# ........##..... ..⌠. #..
#...).......
...##...######.<#.....
...##......))†.###...
...##....))##.......
#######...#......###...###
##.....#...##.#####
#...### ##......##NN)..#
#.....# .........#N@.#
###...# .........##†##
#...# ######.#....# #####
#.### #...#### #...# #.#
###.########...####|#
#.##............[.#
###....##############
#.....## #.....#


You could see 2 naga warriors and a salamander (strong).

Vanquished Creatures
  Rupert (Lair:5)
  Frances (D:14)
  A very ugly thing (D:13)
  A red draconian (Volcano)
  2 dire elephants
  The ghost of Uclietoh the Thaumaturge, a journeyman GnWr of Kikubaaqudgha (D:13)
  Josephine (D:14)
  The ghost of math4jedi the Spear-Bearer, a journeyman MiBe of Trog (D:11)
  2 boulder beetles
  5 ogre magi
  7 hydras
  A naga warrior (Snake:1)
  A catoblepas (Lair:4)
  An anaconda (Snake:1)
  A merfolk avatar (Lair:6)
  A centaur warrior (D:13)
  6 death yaks
  An orc high priest (Orc:1)
  A tengu warrior (D:15)
  15 two-headed ogres
  Nergalle (Orc:2)
  A shock serpent (Snake:1)
  A sea snake (Lair:6)
  4 wizards
  A deep elf pyromancer (D:14)
  A harpy (Lair:6)
  3 necromancers
  An orb spider (shapeshifter) (D:15)
  2 deep elf zephyrmancers (D:15)
  7 orc sorcerers
  An orc knight (Orc:1)
  3 oklob plants (Lair:6)
  A manticore (D:12)
  2 salamanders (Snake:1)
  31 ugly things
  21 elephants
  3 cyclopes
  8 black mambas
  2 naga magi (Snake:1)
  A guardian serpent (Snake:1)
  A molten gargoyle (Volcano)
  A torpor snail (Lair:4)
  12 cane toads
  Maggie (D:7)
  3 gargoyles
  4 rime drakes
  3 unseen horrors
  An unseen horror (shapeshifter) (D:13)
  A komodo dragon (shapeshifter) (D:15)
  2 efreet (D:15)
  16 komodo dragons
  A wind drake (Lair:6)
  3 trolls
  A polar bear (shapeshifter) (D:13)
  Grinder (D:5)
  A wolf spider simulacrum (D:15)
  4 blink frogs
  13 slime creatures
  5 hornets
  3 polar bears
  A centaur simulacrum (D:15)
  Sigmund (D:3)
  2 shadows (D:10)
  2 spriggans
  A vampire (D:13)
  4 wyverns
  A yak (shapeshifter) (D:13)
  5 wraiths
  46 yaks
  2 fire bats (Volcano)
  15 humans (D:13)
  3 basilisks
  7 vampire mosquitoes
  A steam dragon (D:7)
  2 neqoxecs (D:13)
  2 hogs (shapeshifter) (D:13)
  4 wargs
  3 nagas (Snake:1)
  2 acid dragons
  17 water moccasins
  15 orc warriors
  A sky beast (D:5)
  A necrophage (D:4)
  A black bear (D:3)
  11 ogres
  5 wolves (Lair:5)
  5 centaurs
  A phantom (D:5)
  4 kobold brigands
  14 bullfrogs
  Blork the orc (D:5)
  5 scorpions
  A water moccasin zombie (D:5)
  2 water moccasin skeletons
  9 wights
  A killer bee (D:10)
  4 electric eels
  A howler monkey (D:12)
  4 lava snakes (Volcano)
  10 centaur zombies
  4 hounds
  8 jellies
  15 orc priests
  A bullfrog zombie (D:6)
  A bullfrog skeleton (D:6)
  A centaur skeleton (D:6)
  3 iguanas (D:5)
  35 orc wizards
  3 gnolls (D:3)
  8 adders
  3 river rats (Sewer)
  A shadow imp (D:5)
  2 worms
  4 dart slugs
  71 orcs
  5 bats
  5 endoplasms
  2 giant cockroaches
  10 goblins
  6 hobgoblins
  8 jackals
  5 quokkas
  3 ball pythons
  2 frilled lizards
  12 kobolds
  5 rats
  A bush (Lair:2)
664 creatures vanquished.

Vanquished Creatures (collateral kills)
  An orc warlord (Orc:1)
  A vault guard (D:13)
  A boulder beetle (D:10)
  An ogre mage (Orc:2)
  A hydra (Lair:6)
  Erolcha (Orc:2)
  A glowing orange brain (D:13)
  An orc sorcerer (Orc:2)
  An ugly thing (D:13)
  2 komodo dragons (Lair:6)
  A troll (Orc:1)
  A shadow (D:10)
  4 humans (D:13)
  2 wargs (Orc:1)
  2 orc warriors (Orc:1)
  2 ogres
  6 orc wizards
  2 orcs (Orc:1)
31 creatures vanquished.

Vanquished Creatures (others)
  A wight (D:8)
  30 fungi
  61 plants
92 creatures vanquished.

Grand Total: 787 creatures vanquished

Notes
Turn   | Place    | Note
-------+----------+-------------------------------------------
     0 | D:1      | robertstho the Ogre Berserker began the quest for the Orb.
     0 | D:1      | Reached XP level 1. HP: 24/24 MP: 1/1
   233 | D:1      | Found a faded altar of an unknown god.
   256 | D:1      | Reached XP level 2. HP: 32/32 MP: 2/2
   801 | D:2      | You fall into a shaft and drop 2 floors!
   807 | D:4      | Reached skill level 1 in Armour
   807 | D:4      | Reached XP level 3. HP: 40/40 MP: 3/3
   837 | D:4      | Found a glowing drain.
   848 | Sewer    | Entered a sewer
   856 | Sewer    | Reached skill level 5 in Fighting
   861 | Sewer    | Reached XP level 4. HP: 50/50 MP: 4/4
   987 | Sewer    | Noticed a kobold brigand
   995 | Sewer    | Reached ** piety under Trog
  1010 | Sewer    | Killed a kobold brigand
  1011 | Sewer    | Reached XP level 5. HP: 36/59 MP: 5/5
  1199 | Sewer    | Found a white marble altar of Elyvilon.
  1279 | D:4      | Found an ornate altar of the Wu Jian Council.
  1280 | D:4      | Found a radiant altar of Vehumet.
  1330 | D:4      | Identified the +5 whip of the Distant Future {speed, Dex+3}
  1551 | D:4      | Reached skill level 6 in Fighting
  2140 | D:4      | Reached skill level 1 in Maces & Flails
  2140 | D:4      | Reached XP level 6. HP: 62/67 MP: 6/6
  2549 | D:4      | Noticed a necrophage
  2561 | D:4      | Killed a necrophage
  2968 | D:3      | Found a broken altar of Ashenzari.
  2995 | D:3      | Found a burning altar of Makhleb.
  3109 | D:3      | Found a snail-covered altar of Cheibriados.
  3198 | D:3      | Noticed a black bear
  3208 | D:3      | Killed a black bear
  3209 | D:3      | Reached XP level 7. HP: 54/76 MP: 7/7
  3338 | D:3      | Reached skill level 7 in Fighting
  3638 | D:3      | Noticed Sigmund
  3651 | D:3      | Killed Sigmund
  4035 | D:3      | Found a sparkling altar of Nemelex Xobeh.
  4134 | D:2      | Found a snail-covered altar of Cheibriados.
  4331 | D:2      | Found Hinonnea's Book Shoppe.
  4693 | D:5      | Entered Level 5 of the Dungeon
  4696 | D:5      | Noticed Blork the orc
  4703 | D:5      | Reached XP level 8. HP: 47/88 MP: 8/8
  4709 | D:5      | Killed Blork the orc
  4709 | D:5      | Reached *** piety under Trog
  5055 | D:5      | Found a bloodstained altar of Trog.
  5070 | D:5      | Identified the +8 war axe "Ubyr" {freeze, rPois rC+ Dex+2}
  5286 | D:5      | Reached skill level 1 in Stealth
  5290 | D:5      | Reached skill level 8 in Fighting
  5679 | D:5      | Reached skill level 5 in Axes
  5679 | D:5      | Reached skill level 5 in Maces & Flails
  5679 | D:5      | Reached XP level 9. HP: 95/97 MP: 9/9
  5701 | D:5      | Noticed Grinder
  5708 | D:5      | Killed Grinder
  5709 | D:5      | Reached skill level 9 in Fighting
  5849 | D:5      | Found a white marble altar of Elyvilon.
  6129 | D:6      | Found a large runed translucent door.
  6130 | D:6      | Found a large runed translucent door.
  6345 | D:6      | Found a basalt altar of Yredelemnul.
  7331 | D:6      | Found an ancient bone altar of Kikubaaqudgha.
  7344 | D:6      | Found a hazy altar of Hepliaklqana.
  7409 | D:7      | Reached **** piety under Trog
  7615 | D:7      | Found a staircase to the Ecumenical Temple.
  8117 | D:7      | Noticed Maggie
  8128 | D:7      | Killed Maggie
  8129 | D:7      | Reached skill level 10 in Fighting
  8488 | D:8      | Reached XP level 10. HP: 111/111 MP: 10/10
  8983 | D:8      | Found a staircase to the Lair.
  8990 | D:8      | Reached skill level 5 in Dodging
  9383 | D:9      | Reached skill level 5 in Armour
  9383 | D:9      | Noticed a two-headed ogre
  9392 | D:9      | Killed a two-headed ogre
  9393 | D:9      | Reached skill level 11 in Fighting
 10346 | D:10     | Entered Level 10 of the Dungeon
 10645 | D:10     | Found a hide-covered altar of Uskayaw.
 10646 | D:10     | Noticed an ogre mage
 10646 | D:10     | Noticed a cyclops
 10653 | D:10     | Killed a cyclops
 10654 | D:10     | Reached XP level 11. HP: 115/123 MP: 11/11
 10657 | D:10     | Reached skill level 12 in Fighting
 10660 | D:10     | Killed an ogre mage
 10663 | D:10     | Noticed a boulder beetle
 10982 | D:10     | Reached skill level 10 in Axes
 10983 | D:10     | Killed a boulder beetle
 11381 | D:10     | Noticed a two-headed ogre
 11390 | D:10     | Killed a two-headed ogre
 11619 | D:10     | Found a staircase to the Orcish Mines.
 11823 | D:10     | Reached skill level 13 in Fighting
 12461 | D:10     | Found an opulent altar of Gozag.
 12526 | D:10     | Reached XP level 12. HP: 136/136 MP: 12/12
 12844 | D:11     | Found a radiant altar of Vehumet.
 12861 | D:11     | Noticed a two-headed ogre
 12892 | D:11     | Found Boisarchy's Weapon Shoppe.
 13019 | D:11     | Noticed a two-headed ogre
 13025 | D:11     | Killed a two-headed ogre
 13108 | D:11     | Killed a two-headed ogre
 13314 | D:11     | Found a runed translucent gate.
 13315 | D:11     | Found a runed translucent gate.
 13317 | D:11     | Found a runed translucent gate.
 13318 | D:11     | Noticed math4jedi's ghost (journeyman MiBe)
 13320 | D:11     | Found a viscous altar of Jiyva.
 13643 | D:11     | Killed math4jedi's ghost
 13644 | D:11     | Reached skill level 14 in Fighting
 13859 | Orc:1    | Entered Level 1 of the Orcish Mines
 14034 | Orc:1    | Noticed an orc high priest
 14044 | Orc:1    | Noticed a sun demon
 14047 | Orc:1    | Noticed a sun demon
 14050 | Orc:1    | Killed an orc high priest
 14449 | Orc:2    | Entered Level 2 of the Orcish Mines
 14457 | Orc:2    | Reached ***** piety under Trog
 14793 | Orc:2    | Received a gift from Trog
 15026 | Orc:2    | Found a staircase to the Elven Halls.
 15140 | Orc:2    | Noticed an ogre mage
 15141 | Orc:2    | Paralysed by an ogre mage for 4 turns
 15150 | Orc:2    | Killed an ogre mage
 15185 | Orc:2    | Found Jehoc's Antique Armour Emporium.
 15191 | Orc:2    | Found Posuil's Antique Weapon Shoppe.
 15211 | Orc:2    | Found an ancient bone altar of Kikubaaqudgha.
 15211 | Orc:2    | Noticed Nergalle
 15220 | Orc:2    | Noticed a soul eater
 15231 | Orc:2    | Killed Nergalle
 15232 | Orc:2    | Reached skill level 15 in Fighting
 15237 | Orc:2    | Reached XP level 13. HP: 115/149 MP: 13/13
 15454 | Orc:2    | Noticed Erolcha
 15462 | Orc:2    | Killed Erolcha
 15464 | Orc:2    | Found a radiant altar of Vehumet.
 15479 | Orc:2    | Found Laes Toi's Jewellery Emporium.
 15504 | Orc:2    | Found Kogefumina's Magic Scroll Emporium.
 15584 | Orc:2    | Bought a scroll of fear for 49 gold pieces
 15584 | Orc:2    | Bought a scroll of enchant armour for 105 gold pieces
 15584 | Orc:2    | Bought a scroll of fog for 28 gold pieces
 15584 | Orc:2    | Bought a scroll of summoning for 133 gold pieces
 15584 | Orc:2    | Bought a scroll of blinking for 105 gold pieces
 15584 | Orc:2    | Bought a scroll of identify for 28 gold pieces
 15584 | Orc:2    | Bought a scroll of holy word for 105 gold pieces
 15993 | Orc:1    | Received a gift from Trog
 16026 | Orc:1    | Noticed an orc warlord
 16041 | Orc:1    | Killed an orc warlord
 16599 | Lair:1   | Entered Level 1 of the Lair of Beasts
 17203 | Lair:1   | Reached skill level 16 in Fighting
 18510 | Lair:3   | You fall into a shaft and drop 1 floor!
 18592 | Lair:4   | Found a dark tunnel.
 18600 | Volcano  | Entered a volcano
 18946 | Volcano  | Found a burning altar of Makhleb.
 18963 | Volcano  | Reached XP level 14. HP: 103/163 MP: 14/14
 19376 | Volcano  | Noticed a red draconian
 19389 | Volcano  | Killed a red draconian
 19467 | Volcano  | Reached skill level 17 in Fighting
 19604 | Lair:4   | Identified the +2 tower shield of Immorality {Drain Str+4
                  | Int+3}
 20086 | Lair:4   | Found a staircase to the Snake Pit.
 20785 | Lair:5   | Reached skill level 1 in Shields
 21283 | Lair:5   | Noticed Rupert
 21299 | Lair:5   | Killed Rupert
 21651 | Lair:5   | You fall into a shaft and drop 1 floor!
 21651 | Lair:6   | Entered Level 6 of the Lair of Beasts
 22613 | Lair:5   | Noticed a dire elephant
 22616 | Lair:5   | Reached skill level 1 in Long Blades
 22625 | Lair:5   | Killed a dire elephant
 22626 | Lair:5   | Reached XP level 15. HP: 118/176 MP: 15/15
 22838 | Lair:6   | Received a gift from Trog
 22844 | Lair:6   | Reached skill level 18 in Fighting
 22844 | Lair:6   | Reached skill level 15 in Axes
 24435 | Lair:6   | Found a staircase to the Slime Pits.
 24957 | Snake:1  | Entered Level 1 of the Snake Pit
 25414 | Lair:3   | Found a staircase to the Shoals.
 27258 | D:13     | Found a runed translucent gate.
 27258 | D:13     | Found a runed translucent gate.
 27260 | D:13     | Found a runed translucent gate.
 27682 | D:13     | Found a gate to the Vaults.
 27696 | D:13     | Reached skill level 5 in Shields
 27696 | D:13     | Received a gift from Trog
 27869 | D:13     | Reached skill level 10 in Armour
 28062 | D:13     | Reached skill level 19 in Fighting
 28579 | D:13     | Found a runed translucent gate.
 28579 | D:13     | Found a runed translucent gate.
 28586 | D:13     | Found a runed translucent gate.
 28586 | D:13     | Noticed Uclietoh's ghost (journeyman GnWr)
 28599 | D:13     | Reached XP level 16. HP: 189/189 MP: 16/16
 28604 | D:13     | Killed Uclietoh's ghost
 28642 | D:13     | Gained mutation: Your body sometimes deteriorates upon
                  | taking damage. [mutagenic glow]
 28652 | D:13     | Lost mutation: Your body sometimes deteriorates upon taking
                  | damage. [mutagenic glow]
 28876 | D:14     | Found Botae's Antique Armour Boutique.
 28907 | D:14     | Bought a slimy cloak for 199 gold pieces
 28907 | D:14     | Identified the +1 cloak "Sianoop" {rN++} (You bought it in
                  | a shop on level 14 of the Dungeon)
 28981 | D:14     | Noticed Frances
 28996 | D:14     | Killed Frances
 29195 | D:14     | Noticed Josephine
 29207 | D:14     | Killed Josephine
 29482 | D:14     | Found a glowing golden altar of the Shining One.
 29586 | D:15     | Entered Level 15 of the Dungeon
 30448 | D:15     | Found a hazy altar of Hepliaklqana.
 30805 | D:15     | Reached skill level 20 in Fighting
 30975 | D:15     | Found a staircase to the Depths.
 31566 | Snake:1  | HP: 14/288 [naga warrior/+0 hand axe (3)]
 31568 | Snake:1  | HP: 6/288 [salamander (5)]
 31568 | Snake:1  | Slain by a salamander

Illustrated notes

Levels and vault maps discovered:
D:1:      minmay_arrival_loop, layout_loops_ring,
          shapermc_ecumenical_altar_totnotflames, st_stairs_6
D:2:      layout_basic, serial_shops, shop, basic_altar
D:3:      minmay_octagon_keep, layout_basic, general_overflow_altar,
          lemuel_doored_altar, old_standard_altar, overflow_temple_1_default,
          uniq_sigmund
D:4:      wander_river, layout_basic, gammafunk_temple_overflow_pools,
          gup_sewer_entry_bubbles, kennysheep_generic_room_8
D:5:      layout_rooms, bloody_trog, nicolae_elyvilon_temple_path,
          nzn_random_ring, uniq_blork_the_orc, uniq_grinder
D:6:      wad_lake_hut, layout_cave_pods, amcnicky_altar_gilded,
          jmf_multi_god_temple2
D:7:      layout_layer_cave, temple_hall, uniq_maggie
D:8:      layout_cave_pools, grunt_lair_entry_orc_guard_hut, uniq_psyche
D:9:      layout_long_grid
D:10:     hangedman_cross_cluster, layout_layer_cave, kennysheep_mini,
          minmay_orc_entry_temple_small
D:11:     layout_basic, serial_shops, nicolae_shop_statue_plus,
          gammafunk_ghost_endoplasm, vehumet_altar_wand_db
D:12:     layout_basic, minmay_tree_intersection
D:13:     layout_loops_cross, grunt_vaults_entry_tiered,
          ploomutoo_gammafunk_ghost_potion_laboratory
D:14:     layout_rooms, serial_shops, shop, tso_altar, uniq_frances,
          uniq_josephine
D:15:     grunt_enter_depths_magical_seal, layout_loops_ring,
          nicolae_hepliaklqana_hippocampus
Lair:1:   layout_regular_city, serial_bayou_lake_a
Lair:2:   layout_loops_ring, grunt_forest_stairs_basic,
          grunt_forest_large_clearing_hut
Lair:3:   layout_regular_city, elwin_shoals_entry_rocks, serial_bayou_shore_b,
          infiniplex_staircase_pool
Lair:4:   layout_hall_layers, minmay_snake_entry_six_corridors,
          nicolae_volcano_entry_hallway, nicolae_quartered_pool_super
Lair:5:   mu_elephants_graveyard, layout_gridlike, uniq_rupert
Lair:6:   gammafunk_lair_ancient_temple, layout_loops_ring,
          minmay_slime_entry_oklob_enclosed, patterned_corridor,
          lemuel_fruit_fields
Snake:1:  layout_misc_corridors, grunt_megastairs_4
Orc:1:    layout_caves, kennysheep_orc_chapel
Orc:2:    kennysheep_orc_mage_school, layout_diamond_mine

Skill      XL: |  1  2  3  4  5  6  7  8  9 10 11 12 13 14 15 16 |
---------------+-------------------------------------------------+-----
Armour         | 1 2 3 4 5 6 7 8 9 10 | 10.6
Fighting       | 5 6 7 8 10 11 13 15 16 17 19 20 | 20.1
Axes           | 4 5 7 9 10 12 14 15 16 | 16.3
Dodging        | 3 4 5 6 7 8 9 |  9.1
Maces & Flails | 1 2 3 5 |  5.1
Stealth        | 1 |  1.7
Shields        | 3 5 7 |  7.1
Long Blades    | 1 |  1.6
Evocations     | |  0.4

Action                   |  1- 3 |  4- 6 |  7- 9 | 10-12 | 13-15 | 16-18 || total
-------------------------+-------+-------+-------+-------+-------+-------++-------
Melee: Hand axe          |    50 |    25 |       |       |       |    13 ||    88
       Whip              |       |   120 |    93 |       |     5 |       ||   218
       War axe           |       |       |   120 |   379 |   704 |   253 ||  1456
       Scimitar          |       |       |       |       |    24 |       ||    24
Invok: Berserk           |     2 |     2 |     8 |    14 |    23 |     6 ||    55
       Brothers in Arms  |       |       |       |     3 |     7 |       ||    10
       Trog's Hand       |       |       |       |     3 |     2 |       ||     5
Evoke: Piece from Xom's  |       |       |       |     2 |       |       ||     2
       Wand              |       |       |       |     1 |       |       ||     1
  Use: Scroll            |       |       |    11 |     6 |     6 |     2 ||    25
       Potion            |       |       |       |     2 |     4 |       ||     6
 Stab: Sleeping          |       |       |     1 |       |       |       ||     1
       Petrified         |       |       |       |       |     2 |       ||     2
Armor: Animal skin       |    16 |    34 |    19 |       |       |       ||    69
       Robe              |       |       |    60 |       |       |       ||    60
       Acid dragon scale |       |       |    14 |   238 |   253 |    61 ||   566
Dodge: Dodged            |    21 |    51 |    95 |   192 |   182 |    38 ||   579
Block: Tower shield      |       |       |       |       |   523 |   255 ||   778
       Reflection        |       |       |       |       |     8 |     5 ||    13
       Rpst.: Scimitar   |       |       |       |       |     2 |       ||     2

Table legend: (Time is in decaauts)
 A = Elapsed time spent in this place.
 B = Non-inter-level travel time spent in this place.
 C = Inter-level travel time spent in this place.
 D = Time resting spent in this place.
 E = Time spent auto-exploring this place.
 F = Levels seen in this place.
 G = Mean time per level.
                   A        B        C        D        E       F      G
               +--------+--------+--------+--------+--------+-----+--------+
         Total |  32226 |  30772 |   1454 |   5385 |  21062 |  26 | 1239.5 |
       Dungeon |  18998 |  18153 |    845 |   2140 |  13700 |  15 | 1266.5 |
          Lair |   8879 |   8407 |    472 |   1997 |   5159 |   6 | 1479.8 |
     Snake Pit |    205 |    204 |      1 |     96 |     43 |   1 |  205.0 |
  Orcish Mines |   2703 |   2568 |    135 |    615 |   1558 |   2 | 1351.5 |
         Sewer |    463 |    463 |      0 |    230 |    143 |   1 |  463.0 |
       Volcano |    976 |    976 |      0 |    305 |    458 |   1 |  976.0 |
               +--------+--------+--------+--------+--------+-----+--------+

Top non-repeatable levels by time:
    D:10: 2617 daAuts
  Lair:5: 2432 daAuts
     D:4: 2124 daAuts
  Lair:4: 1882 daAuts
  Lair:6: 1796 daAuts
   Orc:2: 1568 daAuts
    D:13: 1549 daAuts
     D:6: 1460 daAuts
    D:15: 1320 daAuts
     D:5: 1177 daAuts
     D:3: 1173 daAuts
    D:14: 1145 daAuts
   Orc:1: 1135 daAuts
     D:9: 1127 daAuts
    D:11: 1075 daAuts
